Map: Alcyone LE

Players

HeroMarine - Winner!

  • Race: Terran Terran
  • League: Grandmaster
  • Spawn Location: 7:00

HolyHit

  • Race: Protoss Protoss
  • Spawn Location: 1:00

Event: HomeStory Cup XXV

VOD

Have the link to the VOD?

Description

Time

  • Played on: June 22, 2024, 2:07 p.m.
  • Length: 10:34

All games in this series

Show
View Real Time Build Order
Export as new Build Order

HeroMarine Terran - Winner!

Build Orders:  

Get SALT Encoding   

  12  0:00  SCV  
  13  0:12  SCV  
  14  0:16  Supply Depot  
  14  0:24  SCV  
  15  0:38  SCV  
  15  0:39  Barracks  
  16  0:43  Refinery  
  16  0:50  SCV  
  16  0:52  Refinery  
  17  1:02  SCV  
  18  1:14  SCV  
  19  1:26  Orbital Command, Reaper  
  20  1:40  Factory  
  20  1:49  Supply Depot  
  20  1:52  SCV  
  21  1:58  Reaper  
  22  2:04  SCV  
  23  2:16  SCV  
  23  2:17  Command Center  
  24  2:27  Hellion  
  24  2:28  SCV  
  27  2:31  Reaper  
  27  2:36  Supply Depot  
  28  2:40  SCV  
  29  2:49  Hellion  
  29  2:51  Starport  
  31  2:57  SCV  
  32  3:05  Barracks Reactor  
  32  3:09  SCV  
  32  3:10  Widow Mine  
  35  3:21  SCV  
  36  3:28  Medivac  
  36  3:30  Orbital Command  
  36  3:31  Widow Mine  
  36  3:33  SCV  
  39  3:43  Supply Depot  
  39  3:44  Marine x2  
  39  3:45  SCV  
  42  3:54  Factory Tech Lab  
  42  3:55  SCV  
  42  3:58  SCV  
  42  4:00  Starport Tech Lab  
  42  4:01  Marine  
  42  4:02  Marine  
  46  4:06  Supply Depot  
  46  4:08  SCV  
  47  4:10  SCV  
  47  4:13  Siege Tank  
  51  4:19  Raven  
  51  4:20  SCV  
  51  4:22  SCV  
  55  4:27  Command Center  
  55  4:32  SCV  
  55  4:33  Marine x2  
  55  4:34  SCV  
  59  4:45  SCV, Siege Tank  
  63  4:46  SCV  
  64  4:56  Barracks  
  64  4:57  Supply Depot, SCV, Barracks  
  64  4:58  SCV, Viking  
  68  5:05  Marine x2  
  70  5:13  Refinery  
  70  5:14  Refinery  
  70  5:18  SCV x2  
  70  5:21  Siege Tank  
  75  5:23  Engineering Bay  
  75  5:25  Marine  
  75  5:26  Marine  
  77  5:30  SCV  
  78  5:39  Orbital Command, SCV  
  77  5:42  SCV  
  77  5:46  Barracks Tech Lab  
  77  5:48  Marine  
  77  5:49  Marine  
  80  5:50  Starport Reactor  
  80  5:51  Terran Infantry Weapons Level 1, SCV  
  80  5:55  SCV, Barracks, Stimpack  
  80  5:56  Barracks  
  82  5:57  Marauder  
  82  6:03  SCV  
  85  6:07  SCV  
  85  6:08  SCV  
  84  6:13  Marauder  
  84  6:15  SCV  
  86  6:19  SCV, Marauder  
  86  6:22  Marine x2  
  92  6:27  Orbital Command, SCV  
  92  6:31  SCV  
  90  6:34  Supply Depot, Marauder  
  90  6:37  Supply Depot  
  90  6:38  Supply Depot  
  90  6:40  SCV, Missile Turret, Marauder  
  90  6:43  SCV  
  92  6:47  Barracks Tech Lab  
  92  6:48  Marine x2, Medivac  
  92  6:49  Factory Reactor  
  92  6:50  Concussive Shells  
  92  6:53  SCV x2  
  98  6:55  SCV  
  98  6:58  Marauder  
  101  7:05  SCV x2  
  101  7:06  Marauder x2  
  107  7:12  Medivac  
  107  7:13  Combat Shield  
  109  7:18  SCV x2  
  109  7:20  Supply Depot, SCV  
  109  7:22  Missile Turret, Marauder  
  114  7:25  Marauder  
  114  7:29  Marauder  
  116  7:30  SCV  
  116  7:31  Marine  
  116  7:32  Marine, Bunker  
  119  7:38  Supply Depot  
  119  7:39  Supply Depot  
  119  7:40  Marauder  
  119  7:44  Marauder  
  123  7:47  Marauder  
  123  7:49  Marine  
  123  7:50  Marine, Marauder  
  129  8:02  Marauder  
  129  8:03  Medivac x2  
  129  8:04  Widow Mine x2  
  129  8:05  Marauder  
  131  8:06  Refinery, Command Center  
  131  8:07  Supply Depot, Refinery  
  131  8:08  Marauder  
  131  8:09  SCV x2  
  131  8:11  SCV  
  131  8:12  Marine x2  
  137  8:14  Marauder  
  140  8:21  SCV  
  140  8:22  SCV  
  140  8:23  SCV  
  140  8:24  Marauder  
  140  8:26  Marauder  
  147  8:27  Armory  
  147  8:28  Engineering Bay  
  147  8:32  Sensor Tower  
  147  8:34  SCV x2  
  149  8:35  SCV  
  149  8:36  Marauder x2  
  154  8:41  Marine x2  
  154  8:47  Supply Depot, Marine  
  157  8:53  Marauder  
  156  8:57  Supply Depot  
  156  8:58  Supply Depot  
  156  8:59  Marine x2  
  157  9:09  Marauder x2, Widow Mine x2  
  165  9:12  Barracks  
  165  9:13  Barracks  
  165  9:14  Barracks  
  165  9:17  Marine x3, Medivac x2  
  165  9:18  Marauder  
  165  9:22  SCV x3  
  177  9:31  Marauder x2  
  181  9:35  Marine x2  
  181  9:36  Marauder  
  179  9:39  Marauder  
  173  9:52  Marauder x2  
  161  9:53  Marine x2  
  161  9:57  Marauder, Medivac x2  
  161  9:58  Widow Mine  
  166  10:00  Marine, Widow Mine  
  169  10:11  Marine x2  
  169  10:13  Marine, Marauder  
  173  10:14  Barracks Tech Lab, Barracks Reactor  
  173  10:15  Barracks Tech Lab  
  173  10:18  SCV x3  
Show
View Real Time Build Order
Export as new Build Order

HolyHit Protoss 

Build Orders: 1 Gate Expand, Colossus Rush 

Get SALT Encoding   

  12  0:00  Probe  
  13  0:12  Probe  
  14  0:17  Pylon  
  14  0:24  Probe (Chrono Boost)  
  15  0:36  Probe (Chrono Boost)  
  15  0:37  Gateway  
  16  0:44  Probe (Chrono Boost)  
  16  0:45  Assimilator  
  17  0:50  Probe  
  18  1:03  Probe  
  19  1:15  Probe  
  20  1:27  Probe  
  20  1:28  Cybernetics Core  
  21  1:35  Nexus  
  21  1:42  Probe  
  21  1:46  Pylon  
  22  1:50  Assimilator  
  22  1:54  Probe  
  23  2:01  Adept (Chrono Boost)  
  23  2:07  Probe  
  26  2:09  Warp Gate  
  26  2:19  Probe  
  27  2:24  Stalker  
  29  2:31  Probe  
  29  2:38  Robotics Facility  
  29  2:43  Probe  
  30  2:48  Probe  
  31  2:54  Stalker  
  31  2:55  Probe (Chrono Boost)  
  31  2:57  Shield Battery  
  34  3:00  Probe (Chrono Boost)  
  35  3:07  Probe (Chrono Boost)  
  35  3:12  Probe (Chrono Boost)  
  37  3:19  Probe (Chrono Boost)  
  35  3:26  Warp Prism (Chrono Boost)  
  35  3:28  Probe  
  35  3:32  Probe  
  39  3:36  Robotics Bay  
  36  3:43  Probe  
  36  3:44  Probe  
  36  3:48  Shield Battery  
  38  3:54  Observer  
  38  3:55  Probe (Chrono Boost)  
  40  3:56  Pylon  
  40  3:57  Probe (Chrono Boost)  
  40  3:58  Stalker  
  43  4:07  Probe (Chrono Boost)  
  43  4:08  Assimilator  
  45  4:10  Assimilator  
  45  4:13  Probe (Chrono Boost)  
  45  4:14  Probe (Chrono Boost)  
  46  4:20  Disruptor (Chrono Boost), Probe  
  46  4:23  Gravitic Drive  
  51  4:26  Probe  
  51  4:29  Pylon  
  52  4:32  Probe  
  52  4:38  Probe  
  54  4:44  Probe  
  54  4:50  Disruptor (Chrono Boost), Probe  
  57  4:56  Probe  
  58  5:02  Probe  
  59  5:09  Pylon  
  59  5:17  Pylon  
  58  5:22  Probe  
  58  5:35  Probe  
  58  5:37  Colossus (Chrono Boost)  
  58  5:38  Nexus  
  58  5:40  Probe  
  65  5:49  Extended Thermal Lance, Pylon  
  65  5:52  Probe  
  65  5:55  Sentry  
  68  5:58  Probe  
  69  6:04  Probe  
  69  6:10  Probe  
  71  6:16  Probe  
  68  6:19  Pylon  
  68  6:22  Probe  
  69  6:30  Colossus (Chrono Boost)  
  69  6:32  Observer  
  73  6:34  Shield Battery, Probe  
  73  6:35  Probe  
  75  6:41  Twilight Council  
  75  6:47  Sentry, Probe  
  76  6:49  Probe  
  79  6:59  Probe (Chrono Boost)  
  79  7:00  Pylon  
  79  7:03  Forge  
  79  7:06  Gateway  
  79  7:09  Shield Battery, Probe (Chrono Boost), Gateway  
  79  7:12  Disruptor (Chrono Boost)  
  79  7:14  Probe (Chrono Boost)  
  85  7:19  Charge  
  85  7:20  Probe (Chrono Boost)  
  85  7:22  Probe (Chrono Boost)  
  88  7:23  Probe (Chrono Boost)  
  88  7:33  Probe  
  88  7:35  Pylon  
  89  7:38  Probe x2  
  89  7:39  Gateway  
  89  7:40  Sentry  
  89  7:41  Gateway  
  89  7:43  Disruptor (Chrono Boost)  
  97  7:51  Shield Battery  
  97  8:01  Probe x2  
  96  8:14  Zealot x3  
  96  8:17  Photon Cannon  
  102  8:21  Probe x2, Colossus  
  110  8:34  Stalker, Probe x2  
  112  8:35  Stalker  
  112  8:55  Pylon  
  112  8:58  Pylon  
  112  9:00  Pylon  
  112  9:05  Pylon  
  112  9:07  Pylon  
  112  9:12  Gateway  
  112  9:13  Gateway  
  112  9:15  Gateway  
  111  9:17  Probe  
  111  9:18  Probe x2  
  111  9:22  Zealot x3  
  114  9:30  Probe x3  
  87  9:42  Probe x3  
  89  9:45  Zealot x3  
  79  9:54  Probe x3  
  72  10:03  Gateway  
  72  10:05  Gateway  
  72  10:06  Probe x3  
  73  10:08  Gateway, Zealot x3  
  75  10:14  Pylon  
  75  10:16  Zealot  
  75  10:18  Probe x3  
  78  10:22  Pylon  
  75  10:30  Zealot x3  
Tags
 
Add a new tag
Caveats
  • Supply blocks, unpowered buildings, or Contaminate may cause inaccurate times.
  • Supply counts are checked every 10 seconds.